Map: Hardwire LE

Players

Pumba - Winner!

  • Race: Protoss Protoss
  • League: Master
  • Spawn Location: 7:00

Bojinkins

  • Race: Terran Terran
  • League: Master
  • Spawn Location: 1:00

VOD

Have the link to the VOD?

Description

Time

  • Played on: March 29, 2022, 7:46 p.m.
  • Length: 17:20
Show
View Real Time Build Order
Export as new Build Order

Pumba Protoss - Winner!

Build Orders: 1 Gate Expand, Phoenix Opening, Colossus Rush 

Get SALT Encoding   

  12  0:00  Probe  
  13  0:12  Probe  
  14  0:17  Pylon  
  14  0:24  Probe  
  15  0:37  Probe (Chrono Boost)  
  15  0:38  Gateway  
  16  0:46  Probe (Chrono Boost)  
  17  0:50  Assimilator  
  17  0:51  Probe  
  18  1:03  Probe  
  19  1:15  Probe  
  20  1:23  Nexus  
  20  1:33  Cybernetics Core  
  20  1:36  Probe  
  21  1:43  Assimilator  
  21  1:48  Probe  
  22  1:57  Pylon  
  22  2:00  Probe  
  23  2:13  Adept (Chrono Boost)  
  23  2:15  Probe  
  26  2:18  Stargate  
  26  2:27  Probe  
  27  2:34  Adept (Chrono Boost), Warp Gate  
  29  2:39  Probe  
  29  2:42  Probe  
  31  2:51  Probe  
  31  2:54  Probe  
  33  3:06  Probe (Chrono Boost)  
  33  3:07  Phoenix, Probe (Chrono Boost)  
  33  3:11  Pylon  
  36  3:15  Probe (Chrono Boost)  
  36  3:18  Probe (Chrono Boost)  
  36  3:19  Robotics Facility  
  38  3:20  Probe (Chrono Boost)  
  39  3:32  Phoenix  
  41  3:34  Probe  
  41  3:35  Probe  
  41  3:40  Pylon  
  43  3:46  Probe  
  43  3:47  Probe  
  45  3:57  Phoenix  
  45  3:59  Probe x2  
  49  4:04  Assimilator  
  49  4:06  Assimilator  
  49  4:09  Gateway  
  49  4:11  Gateway  
  49  4:16  Probe  
  50  4:20  Probe  
  51  4:31  Probe  
  51  4:35  Robotics Bay  
  52  4:39  Observer  
  52  4:42  Probe  
  52  4:43  Probe  
  55  4:48  Nexus, Phoenix  
  55  4:49  Pylon x2  
  56  4:55  Probe  
  56  4:56  Probe  
  59  5:07  Probe  
  59  5:08  Probe  
  59  5:12  Phoenix (Chrono Boost)  
  62  5:19  Probe  
  62  5:20  Colossus (Chrono Boost)  
  63  5:24  Twilight Council  
  63  5:25  Forge  
  69  5:29  Probe  
  69  5:31  Extended Thermal Lance, Probe  
  71  5:41  Probe  
  72  5:43  Probe  
  72  5:48  Charge  
  73  5:51  Protoss Ground Weapons Level 1 (Chrono Boost)  
  73  5:53  Probe  
  73  5:55  Probe  
  75  5:58  Pylon  
  75  6:01  Colossus (Chrono Boost)  
  75  6:04  Probe  
  75  6:05  Probe  
  75  6:07  Probe  
  75  6:08  Assimilator  
  75  6:10  Assimilator  
  84  6:16  Probe  
  84  6:17  Probe  
  86  6:19  Probe  
  87  6:25  Sentry  
  87  6:28  Probe  
  87  6:29  Probe  
  87  6:31  Gateway, Probe  
  87  6:32  Gateway  
  92  6:35  Gateway  
  92  6:40  Gateway x2, Probe  
  92  6:41  Probe  
  92  6:45  Observer  
  95  6:47  Probe  
  95  7:08  Zealot  
  95  7:09  Zealot x2  
  95  7:14  Shield Battery  
  101  7:17  Shield Battery, Pylon  
  101  7:18  Shield Battery  
  101  7:21  Pylon  
  101  7:25  Observer  
  101  7:29  Nexus  
  101  7:30  Pylon  
  101  7:34  Colossus (Chrono Boost)  
  101  7:35  Probe  
  108  7:42  Zealot x4, Templar Archives  
  116  7:48  Blink  
  116  7:49  Protoss Ground Armor Level 1 (Chrono Boost)  
  116  7:53  Observer  
  116  8:05  Zealot x4  
  118  8:10  Pylon  
  118  8:12  Pylon  
  124  8:16  Pylon  
  124  8:17  Pylon  
  124  8:20  Pylon  
  124  8:24  Warp Prism (Chrono Boost), Pylon  
  124  8:31  High Templar x8  
  139  8:36  Archon x4  
  139  8:47  Shield Battery  
  139  9:03  Zealot x2  
  139  9:04  Zealot x6  
  139  9:07  Probe  
  156  9:10  Assimilator  
  156  9:14  Assimilator  
  156  9:15  Forge  
  156  9:17  Gateway  
  156  9:18  Robotics Facility, Gateway  
  156  9:19  Gateway  
  156  9:30  Stalker x5  
  154  9:31  Zealot  
  129  9:53  Zealot x2  
  129  9:54  Zealot x4  
  129  9:58  Zealot  
  135  10:00  Warp Prism  
  135  10:10  Probe x2 (Chrono Boost)  
  135  10:11  Probe x2 (Chrono Boost)  
  139  10:20  Probe (Chrono Boost)  
  139  10:21  Probe x3 (Chrono Boost)  
  143  10:22  Protoss Ground Armor Level 2 (Chrono Boost)  
  143  10:25  Probe x4 (Chrono Boost)  
  147  10:32  Nexus, Pylon  
  147  10:34  Disruptor (Chrono Boost)  
  147  10:36  Probe  
  147  10:37  Probe x3  
  147  10:39  Protoss Ground Weapons Level 2 (Chrono Boost)  
  157  10:44  Disruptor (Chrono Boost)  
  157  10:49  Probe x4  
  161  10:57  Zealot x2  
  161  10:58  Zealot x8  
  161  11:01  Probe x2  
  181  11:10  Stalker  
  183  11:13  Disruptor x2  
  187  11:44  Zealot x6  
  189  12:07  Stalker x3  
  189  12:08  Stalker  
  181  12:31  Stalker x7  
  181  12:32  Stalker  
  195  12:52  Nexus  
  120  13:21  Warp Prism  
  120  13:23  Immortal, Stalker x5  
  120  13:24  Zealot x6  
  132  13:29  Protoss Ground Armor Level 3 (Chrono Boost), Protoss Ground Weapons Level 3 (Chrono Boost)  
  130  13:39  Pylon  
  130  13:41  Assimilator  
  130  13:44  Photon Cannon  
  130  13:46  Assimilator  
  125  13:52  Photon Cannon  
  125  13:54  Photon Cannon  
  125  13:55  Photon Cannon  
  125  13:58  Disruptor (Chrono Boost)  
  125  14:00  Disruptor (Chrono Boost), Robotics Facility  
  125  14:01  Shield Battery  
  125  14:02  Probe  
  132  14:03  Probe, Photon Cannon  
  132  14:07  Assimilator  
  132  14:09  Assimilator  
  133  14:23  High Templar x11  
  153  14:27  Archon x5  
  153  14:30  Colossus (Chrono Boost)  
  155  14:38  Disruptor (Chrono Boost)  
  150  14:47  Photon Cannon  
  150  14:48  Immortal (Chrono Boost)  
  150  14:50  Photon Cannon  
  154  14:59  Zealot x7  
  166  15:00  Zealot x3  
  166  15:05  Disruptor (Chrono Boost)  
  170  15:28  Zealot x8  
  174  15:29  Zealot x2  
  150  15:51  Zealot x8  
  150  15:52  Zealot x3  
  164  16:03  Disruptor x3  
  173  16:13  Nexus  
  173  16:17  High Templar x11  
  195  16:20  Archon  
  195  16:21  Archon x4  
  195  16:39  Observer, Pylon  
  190  16:40  Observer x2  
  190  16:44  Pylon  
  178  17:00  Zealot x5  
  178  17:01  Zealot x6  
Show
View Real Time Build Order
Export as new Build Order

Bojinkins Terran 

Build Orders: Reaper Expand 

Get SALT Encoding   

  12  0:00  SCV  
  13  0:12  SCV  
  14  0:17  Supply Depot  
  14  0:24  SCV  
  15  0:39  SCV  
  15  0:41  Barracks  
  16  0:45  Refinery  
  16  0:51  SCV  
  17  1:04  SCV  
  18  1:16  SCV  
  19  1:30  Orbital Command  
  19  1:31  Reaper  
  20  1:49  Command Center  
  20  1:55  Supply Depot  
  20  1:56  SCV  
  21  2:03  Marine  
  22  2:09  SCV  
  22  2:12  Factory  
  23  2:21  SCV  
  24  2:22  Barracks Reactor  
  24  2:26  Refinery  
  24  2:33  SCV  
  24  2:35  Bunker  
  25  2:51  SCV  
  26  2:59  Marine x2  
  26  3:00  Hellion  
  26  3:01  Starport  
  26  3:03  SCV  
  32  3:06  Orbital Command  
  30  3:15  SCV  
  30  3:17  Marine x2  
  33  3:22  Hellion  
  35  3:27  SCV  
  35  3:33  SCV  
  37  3:35  Marine x2  
  37  3:37  Supply Depot  
  37  3:39  Medivac  
  41  3:42  SCV  
  41  3:45  Hellion  
  41  3:47  SCV  
  45  3:56  SCV  
  45  3:59  SCV  
  45  4:01  Marine x2  
  49  4:08  SCV  
  50  4:15  Factory Tech Lab  
  50  4:16  Starport Tech Lab  
  50  4:19  SCV  
  50  4:23  Command Center  
  52  4:24  SCV  
  52  4:30  Marine x2  
  52  4:31  SCV  
  53  4:34  Supply Depot  
  53  4:36  SCV  
  54  4:45  Supply Depot  
  54  4:53  SCV  
  54  4:55  Raven  
  54  4:56  Cyclone  
  54  4:58  SCV  
  54  4:59  Marine x2  
  59  5:03  Barracks  
  59  5:04  Barracks  
  59  5:05  SCV  
  58  5:09  Refinery  
  58  5:10  SCV  
  58  5:11  Supply Depot  
  59  5:16  Marine  
  59  5:17  SCV, Marine  
  62  5:23  SCV  
  62  5:24  Barracks  
  62  5:26  Barracks  
  63  5:29  SCV  
  63  5:30  Siege Tank  
  63  5:35  SCV  
  68  5:36  Supply Depot  
  66  5:43  Orbital Command  
  66  5:45  SCV  
  66  5:47  SCV  
  65  5:55  Barracks Tech Lab  
  65  5:57  SCV  
  65  5:59  SCV  
  65  6:01  Orbital Command  
  65  6:02  Starport Reactor  
  65  6:03  Engineering Bay  
  67  6:06  Stimpack  
  67  6:07  Marine x2  
  69  6:13  SCV x2  
  69  6:14  Combat Shield  
  70  6:25  SCV x2  
  69  6:28  SCV  
  70  6:34  Missile Turret  
  70  6:37  SCV x2, Missile Turret  
  72  6:40  Barracks Reactor, Barracks Tech Lab  
  72  6:43  Supply Depot, Bunker, Marine x2  
  72  6:44  Marine x2  
  72  6:46  Terran Infantry Weapons Level 1  
  76  6:47  SCV  
  76  6:50  Medivac  
  76  6:52  Medivac  
  79  6:58  SCV x2  
  80  7:01  Marine  
  80  7:03  Marine x4  
  80  7:05  Concussive Shells  
  84  7:09  SCV  
  84  7:10  SCV x2  
  84  7:13  Refinery  
  87  7:18  Siege Tank, Marine x2  
  87  7:19  Marine  
  87  7:20  Medivac  
  87  7:21  Marine x2  
  87  7:22  SCV x2  
  99  7:26  Missile Turret  
  99  7:27  Marauder  
  99  7:29  SCV  
  104  7:34  SCV  
  104  7:35  Supply Depot  
  105  7:37  Supply Depot  
  105  7:39  Engineering Bay, SCV  
  105  7:40  Armory  
  105  7:41  SCV  
  107  7:44  Marine  
  107  7:45  Marauder, Marine  
  107  7:46  SCV, Marine x3  
  113  7:52  SCV  
  113  7:53  Ghost Academy, SCV  
  113  7:56  Supply Depot, Marauder  
  113  7:58  SCV  
  118  8:05  Marauder  
  120  8:06  Marauder  
  120  8:09  Marine x2  
  120  8:10  SCV x3, Marine  
  128  8:13  Supply Depot  
  128  8:15  Terran Infantry Armor Level 1  
  128  8:17  Marauder  
  130  8:22  SCV  
  131  8:28  Command Center  
  131  8:30  Marine  
  131  8:31  Marauder x2  
  136  8:34  Marine x2  
  136  8:35  Marine  
  136  8:38  Marauder  
  136  8:39  Supply Depot  
  136  8:40  SCV  
  142  8:42  Refinery  
  142  8:47  SCV x2  
  144  8:50  Terran Infantry Weapons Level 2  
  144  8:52  Supply Depot, Siege Tank, Marauder  
  149  8:56  Supply Depot  
  149  9:01  Marauder x2, Marine x3  
  156  9:03  Supply Depot  
  156  9:10  Supply Depot  
  156  9:13  Marine  
  156  9:14  Marauder  
  159  9:18  Marine  
  159  9:23  Marauder x2  
  152  9:35  Marauder  
  135  9:42  Marine  
  135  9:43  Marine  
  135  9:44  Marauder x2  
  120  9:56  SCV x2, Marauder  
  120  9:59  Marine x2  
  120  10:02  Medivac x2, Marine x2  
  120  10:05  Marauder x2  
  119  10:08  SCV x2  
  119  10:13  Planetary Fortress  
  121  10:15  Orbital Command  
  121  10:18  Marauder, Marine x2  
  125  10:22  Marine  
  125  10:27  Marauder  
  125  10:28  Missile Turret  
  128  10:34  Marauder, Marine  
  131  10:38  Barracks  
  131  10:40  Barracks  
  133  10:42  Barracks  
  133  10:44  SCV x3  
  133  10:55  Marauder x2, Marine x3  
  133  10:56  SCV  
  141  10:59  Marine  
  141  11:01  SCV  
  141  11:02  SCV x2  
  141  11:03  Terran Infantry Armor Level 2  
  145  11:10  Unknown, Marauder  
  147  11:11  Supply Depot  
  147  11:14  SCV x3  
  147  11:17  Terran Infantry Weapons Level 3, Marauder x2  
  149  11:26  Marine  
  149  11:28  Marine x2  
  148  11:34  Barracks Tech Lab x3  
  148  11:36  SCV  
  148  11:38  Marauder  
  151  11:41  Bunker  
  151  11:42  Marine  
  151  11:44  Marine  
  153  11:48  Supply Depot, Marine  
  153  11:49  Marine  
  153  11:50  Supply Depot  
  152  11:55  Marine  
  152  11:56  Command Center, Marauder x2  
  152  11:59  Marine  
  152  12:00  Unknown, Marine x2  
  160  12:03  Marine  
  160  12:06  Unknown  
  160  12:07  Marauder  
  152  12:08  Marine  
  152  12:12  Marine  
  152  12:14  Marauder  
  151  12:17  Marauder x3  
  151  12:18  Marine  
  151  12:19  Marauder  
  151  12:22  Marine  
  160  12:26  Marine  
  160  12:28  Marauder  
  160  12:29  Marine  
  158  12:35  Marauder  
  158  12:36  Marine  
  159  12:38  Marauder x2  
  159  12:39  Marauder  
  163  12:45  Marauder, Marine  
  163  12:47  Siege Tank  
  163  12:48  Viking x2  
  163  12:49  Marauder  
  175  12:55  Orbital Command  
  175  12:56  Marauder  
  133  13:12  Marauder  
  133  13:13  Marauder x2  
  133  13:19  Marauder x3, Marine x3  
  112  13:20  Marine  
  111  13:34  Marauder x3  
  111  13:36  SCV, Marine  
  111  13:37  SCV, Marine x2  
  111  13:38  Terran Infantry Armor Level 3  
  111  13:39  Orbital Command  
  116  13:44  Marine x3  
  116  13:47  Terran Ship Weapons Level 1  
  121  13:48  Marauder  
  121  13:49  Starport  
  121  13:54  Marine  
  122  13:56  Marauder x3, Marine x2  
  122  14:02  Marauder x2  
  134  14:10  Marine  
  134  14:11  Factory  
  134  14:15  Viking  
  139  14:18  Refinery, Orbital Command  
  139  14:19  Refinery x2  
  139  14:21  Refinery  
  139  14:37  Marauder x3, Marine  
  139  14:38  Marauder  
  144  14:39  Marine x2  
  144  14:40  Marauder, Marine  
  144  14:41  Unknown, Starport Reactor  
  144  14:42  SCV x3, Marauder  
  154  14:47  SCV x2  
  154  14:48  Viking  
  158  14:59  Marauder  
  160  15:08  Marauder x2, Marine  
  160  15:09  Marauder x3  
  169  15:20  SCV  
  157  15:21  SCV x3  
  157  15:22  SCV  
  157  15:24  Marauder, Marine x3  
  166  15:30  Marauder x2  
  166  15:32  SCV  
  158  15:40  Marauder x3, Marine  
  126  15:43  Marine x2  
  126  15:44  Medivac x2, Marine  
  126  15:45  Medivac  
  126  15:46  Marauder  
  126  15:48  SCV x2  
  128  15:51  Marauder x2  
  128  15:52  Medivac  
  128  15:55  SCV x2  
  128  16:00  SCV x2  
  128  16:01  Marauder  
  128  16:02  Marauder, Marine x2  
  128  16:03  Command Center, Marauder, Siege Tank  
  140  16:04  Command Center  
  140  16:07  SCV  
  139  16:11  Marauder, Marine  
  139  16:12  Marauder  
  139  16:13  Marauder  
  139  16:14  Medivac  
  146  16:23  Marauder  
  146  16:24  Marauder  
  146  16:25  Medivac x2  
  152  16:29  SCV x3  
  157  16:36  Marauder  
  138  16:49  Marauder x3, Marine  
  112  16:55  Marine  
  112  16:56  Marauder x2  
  112  16:58  Marauder  
  112  17:00  Marine x2  
Tags
 
Add a new tag
Caveats
  • Supply blocks, unpowered buildings, or Contaminate may cause inaccurate times.
  • Supply counts are checked every 10 seconds.